AoeStats
← JP

Arabia

505249075Analyzed
2v2 RM · 23d ago on Sep 8, 2026· 36m 33s· 4 players
Game mode
Random Map
Map size
Medium (4 player)
Population
200
Speed
Normal
Resources
Standard
Victory
Conquest
Starting age
Dark Age
Ending age
Imperial Age
RankedLock teamsTeams togetherTeam positionsShared explorationLock speedFull tech treeHidden civsTurbo modeCheats
Victory
Defeat
🇩🇪 Vietnamese · Germany
1052
+34
🇫🇷 Burmese · France
1018
+17
🇻🇳 Japanese · Vietnam
1066
-17
🇨🇴 Spanish · Colombia
1042
-16
statere26
4:50 Loom
11:21 Feudal Age
22:22 Castle Age
21:27 Forging
21:00 Man-at-Arms
23:25 Bloodlines
22:40 Long Swordsman
24:02 Horse Collar
32:05 Sanctity
37:59 Imperial Age
37:14 Wheelbarrow
JP
6:50 Loom
7:06 Loom
9:49 Feudal Age
10:19 Double-Bit Axe
13:20 Horse Collar
15:05 Fletching
24:11 Castle Age
22:23 Padded Archer Armor
22:42 Gold Mining
24:16 Crossbowman
24:57 Bodkin Arrow
25:17 Bow Saw
27:29 Thumb Ring
28:32 Wheelbarrow
30:10 Ballistics
30:21 Heavy Plow
33:19 Hand Cart
34:04 Leather Archer Armor
38:39 Imperial Age
juansrv
3:05 Loom
11:26 Feudal Age
12:14 Double-Bit Axe
14:25 Wheelbarrow
23:48 Castle Age
22:41 Bloodlines
23:30 Stone Mining
23:39 Gold Mining
24:03 Horse Collar
28:02 Heavy Plow
30:01 Bow Saw
31:09 Scale Barding Armor
31:40 Husbandry
33:09 Chain Barding Armor
#South
10:40 Feudal Age
11:02 Horse Collar
13:43 Man-at-Arms
17:08 Scale Mail Armor
19:15 Forging
20:35 Double-Bit Axe
21:56 Gold Mining
32:34 Stone Mining
36:08 Castle Age
37:05 Bow Saw
Connection lost

Rejoining the realm…

Still unreachable

The connection could not be restored.

Session expired

The server has moved on; the page needs a fresh start.